 Dungeon Crawl Stone Soup version 0.29.1-1-gd02db6906a (webtiles) character file.

Game seed: 14509054860856541281

297271 Ijustatesigmund the Warrior (level 20, -13/136 HPs)
             Began as a Gargoyle Fighter on Sept 15, 2022.
             Was the Champion of Cheibriados.
             Mangled by a vault warden
             ... wielding a +3 war axe
              (40 damage)
             ... on level 3 of the Vaults.
             The game lasted 02:07:51 (50668 turns).

Ijustatesigmund the Warrior (Gargoyle Fighter)     Turns: 50668, Time: 02:07:52

Health: -13/136    AC: 51    Str: 40    XL:     20   Next: 93%
Magic:  32/32      EV: 15    Int: 39    God:    Cheibriados [******]
Gold:   3195       SH: 16    Dex: 21    Spells: 3/24 levels left

rFire   . . .      SeeInvis .   a - +6 flail (protect)
rCold   . . .      Faith    .   c - +2 kite shield {reflect}
rNeg    + . .      Spirit   .   W - +5 scale mail of Perfidy {rPois rCorr Int+5 Dex-3}
rPois   ∞          Reflect  +   h - +1 helmet "Ifydiott" {Will+ Str+2 Int+4}
rElec   +          Harm     .   B - +2 cloak
rCorr   +          Rampage  .   X - +2 pair of gloves
Will    +....      Clarity  +   x - +2 pair of boots
Stlth   ..........              T - amulet of the acrobat
HPRegen 1.12/turn               u - ring of wizardry
MPRegen 0.23/turn               q - +4 ring of slaying

@: weak-willed, under a protective aura, flying, studying Air Magic, very slow
A: sickness immunity, AC +15, big wings, negative energy resistance 1,
electricity resistance, torment resistance 1, petrification resistance,
iridescent scales 1, clarity, regeneration 1, screaming 1
}: 2/15 runes: decaying, gossamer
a: Renounce Religion, Bend Time, Temporal Distortion, Slouch, Step From Time


You were on level 3 of the Vaults.
You worshipped Cheibriados.
Cheibriados was exalted by your worship.
You visited 7 branches of the dungeon, and saw 34 of its levels.
You also visited: Sewer, Ossuary and Volcano.

You collected 4753 gold pieces.
You spent 1558 gold pieces at shops.

Inventory:

Hand Weapons
 a - a +6 flail of protection (weapon)
 k - a +3 eveningstar of venom
Missiles
 P - 3 curare-tipped darts (quivered)
 Y - 5 silver javelins
Armour
 c - a +2 kite shield of reflection (worn)
 h - the +1 helmet "Ifydiott" (worn) {Will+ Str+2 Int+4}
   (You bought it in a shop on level 14 of the Dungeon)

   Str:       It affects your strength (+2).
   Int:       It affects your intelligence (+4).
   Will:      It increases your willpower.
 x - a +2 pair of boots (worn)
 B - a +2 cloak (worn)
 W - the +5 scale mail of Perfidy (worn) {rPois rCorr Int+5 Dex-3}
   (You bought it in a shop on level 2 of the Orcish Mines)

   Int:       It affects your intelligence (+5).
   Dex:       It affects your dexterity (-3).
   rPois:     It protects you from poison.
   rCorr:     It protects you from acid and corrosion.
 X - a +2 pair of gloves (worn)
Jewellery
 n - a ring of fire
 q - a +4 ring of slaying (right hand)
 u - a ring of wizardry (left hand)
 D - a ring of willpower
 M - a ring of positive energy
 O - a ring of ice
 T - an amulet of the acrobat (around neck)
Wands
 b - a wand of mindburst (9)
 p - a wand of polymorph (15)
 y - a wand of flame (22)
 A - a wand of quicksilver (21)
 S - a wand of iceblast (9)
 V - a wand of paralysis (13)
 Z - a wand of digging (10)
Scrolls
 g - 8 scrolls of poison
 i - 10 scrolls of teleportation
 j - 2 scrolls of summoning
 l - 23 scrolls of identify
 o - 10 scrolls of butterflies
 C - 6 scrolls of amnesia
 E - 4 scrolls of fear
 G - 9 scrolls of immolation
 H - 4 scrolls of magic mapping
 I - 2 scrolls of silence
 N - 5 scrolls of torment
 U - 2 scrolls of blinking
Potions
 d - 7 potions of might
 e - 17 potions of curing
 f - 8 potions of attraction
 m - 5 potions of lignification
 r - 5 potions of mutation
 s - 2 potions of invisibility
 t - 12 potions of ambrosia
 v - 2 potions of brilliance
 w - 4 potions of resistance
 z - 4 potions of magic
 J - 2 potions of heal wounds
 R - 2 potions of cancellation


   Skills:
 + Level 17.7 Fighting
 + Level 15.6 Maces & Flails
 + Level 12.0 Armour
 - Level 7.5 Dodging
 - Level 13.0 Shields
 - Level 2.6 Spellcasting
 - Level 10.6 Conjurations
 - Level 2.6 Translocations
 - Level 4.6 Transmutations
 - Level 9.7 Ice Magic
 - Level 10.9 Air Magic
 + Level 4.4 Earth Magic
 - Level 7.3 Poison Magic
 + Level 16.7 Invocations
 - Level 5.0 Evocations


You had 3 spell levels left.
You knew the following spells:

 Your Spells              Type           Power      Damage    Failure   Level
a - Magic Dart            Conj           100%       1d8       1%          1
b - Mephitic Cloud        Conj/Pois/Air  69%        N/A       1%          3
c - Freezing Cloud        Conj/Ice/Air   36%        6-21      1%          5
d - Apportation           Tloc           50%        N/A       1%          1
e - Ignite Poison         Fire/Tmut/Pois 36%        N/A       2%          3
f - Blink                 Tloc           50%        N/A       2%          2
g - Iron Shot             Conj/Erth      29%        9d6       32%         6

Your spell library contained the following spells:

 Spells                   Type           Power      Damage    Failure   Level
 Wereblood                Tmut           41%        N/A       1%          2
 Conjure Flame            Conj/Fire      46%        6-21      1%          3
 Dazzling Flash           Conj/Hex       92%        N/A       1%          3
 Necrotise                Necr           20%        1d5       4%          1
 Lesser Beckoning         Tloc           25%        N/A       4%          3
 Call Imp                 Summ           5%         N/A       8%          2
 Scorch                   Fire           10%        2d6       8%          2
 Portal Projectile        Hex/Tloc       30%        N/A       9%          3
 Call Canine Familiar     Summ           5%         N/A       16%         3
 Summon Guardian Golem    Hex/Summ       5%         N/A       16%         3
 Tukima's Dance           Hex            5%         N/A       16%         3
 Vampiric Draining        Necr           5%         2d6       16%         3
 Airstrike                Air            37%        2d(6-22)  1%          4
 Hailstorm                Conj/Ice       71%        3d15      1%          4
 Iskenderun's Battlesphe  Conj           73%        2d12      1%          5
 Ice Form                 Ice/Tmut       57%        N/A       2%          4
 Iskenderun's Mystic Bla  Conj/Tloc      54%        2d12      3%          4
 Fulminant Prism          Conj/Hex       23%        3d13      6%          4
 Sticky Flame             Conj/Fire      46%        2d6       6%          4
 Summon Ice Beast         Ice/Summ       43%        N/A       6%          4
 Irradiate                Conj/Tmut      29%        3d21      6%          5
 Conjure Ball Lightning   Conj/Air       36%        3x3d12    9%          6
 Alistair's Intoxication  Tmut/Pois      34%        N/A       12%         5
 Silence                  Hex/Air        23%        N/A       14%         5
 Fireball                 Conj/Fire      23%        3d11      16%         5
 Animate Armour           Summ/Erth      44%        N/A       19%         4
 Leda's Liquefaction      Hex/Erth       11%        N/A       19%         4
 Blade Hands              Tmut           20%        N/A       21%         5
 Lee's Rapid Deconstruct  Erth           19%        3d12*     22%         5
 Manifold Assault         Tloc           25%        N/A       41%         5
 Animate Dead             Necr           5%         N/A       43%         4
 Borgnjor's Vile Clutch   Necr/Erth      11%        N/A       45%         5
 Orb of Destruction       Conj           36%        9d11      45%         7
 Summon Forest            Summ/Tloc      7%         N/A       58%         5
 Simulacrum               Ice/Necr       21%        N/A       65%         6
 Agony                    Necr           5%         N/A       77%         5
 Summon Mana Viper        Hex/Summ       5%         N/A       77%         5
 Spellforged Servitor     Conj/Summ      23%        N/A       98%         7
 Death Channel            Necr           2%         N/A       99%         6
 Summon Cactus Giant      Summ           2%         N/A       99%         6
 Dragon Form              Tmut           20%        N/A       99%         7
 Summon Hydra             Summ           2%         N/A       100%        7
 Discord                  Hex            2%         N/A       100%        8
 Disjunction              Tloc           12%        N/A       100%        8
 Polar Vortex             Ice            34%        N/A       100%        9
 Sublimation of Blood     Necr           Unusable   N/A       N/A         2

Dungeon Overview and Level Annotations

Branches:
Dungeon (15/15)            Temple (1/1) D:6            Lair (5/5) D:10
  Swamp (4/4) Lair:2       Spider (4/4) Lair:3        Slime (0/5) Lair:4
    Orc (2/2) D:11            Elf (0/3) Orc:2        Vaults (3/5) D:14
  Crypt (0/3) Vaults:2     Depths (0/4) D:15          Sewer (visited)
Ossuary (visited)         Volcano (visited)

Altars:
Ashenzari
Cheibriados
Dithmenos
Elyvilon
Fedhas
Gozag
Hepliaklqana
Kikubaaqudgha
Makhleb
Nemelex Xobeh
Okawaru
Qazlal
Ru
Sif Muna
Trog
Uskayaw
Vehumet
Wu Jian
Xom
Yredelemnul
Zin
The Shining One
Jiyva

Shops:
D:13 !   D:14 *   Orc:2 [*:!   Vaults:3 !

Annotations:
D:4 3 runed translucent doors, Exe's ghost, amateur DsBe
D:5 3 runed translucent doors, Jakudza's ghost, novice TeAE; onwiheg's ghost, amateur BaFi
D:12 2 transporters, dvd2's ghost, journeyman PaFi


Innate Abilities, Weirdness & Mutations

You are immune to sickness and miasma.
Your stone body is resilient. (AC +15)
You are immune to poison.
Your large and strong wings let you fly.
You resist negative energy. (rN+)
You are resistant to electric shocks. (rElec)
You are resistant to unholy torment.
You are immune to petrification.
You are partially covered in iridescent scales. (AC +2)
You possess an exceptional clarity of mind.
Your natural rate of healing is unusually fast.
You occasionally shout uncontrollably at your foes.


Message History

The vault warden hits you with a +3 war axe!!!
You sock the phantasmal warrior!
The phantasmal warrior is almost destroyed.
The phantasmal warrior hits you but does no damage.
The vault warden is engulfed in noxious fumes.
You block the vault warden's attack.
You bludgeon the phantasmal warrior!!
You destroy the phantasmal warrior!
Cheibriados thoroughly appreciates the change of pace.
The vault warden blocks your attack. You block the vault warden's attack.
The vault warden blocks your attack.
The vault warden hits you with a +3 war axe.
The vault warden blocks your attack. You block the vault warden's attack.
The ironbound convoker points at the centaur warrior and mumbles some strange words.
The centaur warrior seems to grow stronger.
The vault warden blocks your attack.
The vault warden hits you but does no damage.
You hit the vault warden but do no damage.
You bludgeon the vault warden!!
The vault warden is moderately wounded.
You block the vault warden's attack.
You bludgeon the vault warden!!
The vault warden is heavily wounded.
The vault warden closely misses you.
You sock the vault warden!
The vault warden is heavily wounded.
The vault warden hits you with a +3 war axe!!
You thump the vault warden!
The vault warden is severely wounded.
You block the vault warden's attack.
You barely miss the vault warden.
The vault warden is severely wounded.
The vault warden blocks your attack.
The vault warden is severely wounded.
The vault warden hits you with a +3 war axe!!
* * * LOW HITPOINT WARNING * * *
The vault warden blocks your attack.
The vault warden is severely wounded.
The vault warden hits you with a +3 war axe!!!
You die...

.....# .....#
.....# .....#
.....# ######
########## .#
#.......(# #..#
######
#........#G.#
.....#
#.......@pcp#
.....#
#........###..#
.....# #........#
.....# #........#
.....# #........#
.....#
######+#+###
..>..# #......#
.....#
######......#####
.....#
#....#......#...#


You could see a vault warden (strong), a great orb of eyes (strong), a centaur
warrior (strong) and an ironbound convoker.

Vanquished Creatures
  Mara (Swamp:3)
  Bai Suzhen (Vaults:2)
  Margery (Vaults:2)
  Arachne (Spider:3)
  Jorgrun (D:15)
  The ghost of Suryr the Thaumaturge, an adept GnHW of Sif Muna (Swamp:1)
  2 thorn hunters (Swamp:4)
  3 sphinxes
  Kirke (Lair:4)
  8 vault wardens
  A fenstrider witch (Swamp:3)
  An orc warlord (Vaults:3)
  5 emperor scorpions
  Aizul (Swamp:1)
  5 ghost moths
  Louise (D:14)
  A war gargoyle (Vaults:2)
  11 ironbound preservers
  3 broodmothers
  7 very ugly things
  8 ironbound thunderhulks
  4 dire elephants (Vaults:2)
  3 eleionomae
  5 entropy weavers
  4 spark wasps
  3 bunyips
  Snorg (D:10)
  A crystal guardian (Vaults:3)
  Josephine (Orc:1)
  5 great orbs of eyes
  7 yaktaur captains
  2 peacekeepers
  8 vault guards
  20 hydras
  4 ironbound frosthearts
  4 jorogumos
  5 ogre magi
  5 radroaches
  A catoblepas (shapeshifter) (D:14)
  10 boulder beetles
  A death knight (D:14)
  24 two-headed ogres
  4 centaur warriors
  19 alligators
  A death scarab (Spider:4)
  2 hell knights (Vaults:2)
  Urug (Lair:3)
  8 tengu warriors
  Sonja (Lair:3)
  5 sun moths
  4 pharaoh ants
  4 skeletal warriors (D:11)
  6 goliath frogs
  5 spriggan druids
  16 deep trolls
  9 steelbarb worms
  14 swamp dragons
  4 bog bodies
  5 orc knights
  A deep elf archer (Volcano)
  8 lindwurms
  4 necromancers
  5 wizards
  12 orb spiders
  7 ironbound convokers
  12 harpies
  A deep elf zephyrmancer (D:15)
  A phantasmal warrior (Vaults:3)
  11 deep elf pyromancers
  29 wolf spiders
  An oklob plant (Lair:5)
  An orc sorcerer (Orc:2)
  3 manticores
  4 will-o-the-wisps
  34 ugly things
  7 cyclopes
  4 elephants
  2 moths of wrath
  5 black mambas
  8 vault sentinels
  3 torpor snails
  A gargoyle (D:9)
  A naga mage (D:15)
  A cane toad (shapeshifter) (Vaults:3)
  2 centaur skeletons (D:15)
  5 unseen horrors
  5 demonic crawlers
  18 cane toads
  7 komodo dragons
  15 yaktaurs
  A kobold demonologist (D:11)
  2 rime drakes (Lair:2)
  2 efreet
  5 tengu conjurers
  A queen bee (Spider:3)
  2 trolls
  10 meliai
  A polar bear (Lair:2)
  27 tarantellas
  9 hornets
  9 tyrant leeches
  33 slime creatures
  23 blink frogs
  A wolf spider simulacrum (D:14)
  4 dream sheep (Lair:4)
  31 jumping spiders
  9 spriggans
  3 vampires
  A centaur simulacrum (D:14)
  29 yaks
  19 culicivoras
  A water elemental (D:11)
  4 wraiths (Orc:1)
  5 shadows
  8 wyverns
  7 fire elementals (Volcano)
  50 redbacks
  2 steam dragons (D:8)
  32 vampire mosquitoes
  A basilisk (D:10)
  14 swamp worms
  A warg (Orc:1)
  3 hell hounds (Volcano)
  A two-headed ogre zombie (D:11)
  3 acid dragons
  19 water moccasins
  10 orc warriors
  Duvessa (D:6)
  2 ice beasts
  9 swamp drakes (Swamp:4)
  3 black bears
  28 ogres
  3 wolves (Lair:5)
  4 centaurs
  5 phantoms
  2 elf zombies (Ossuary)
  16 bullfrogs
  5 kobold brigands
  2 necrophages
  3 gnoll sergeants
  4 scorpions
  9 wights
  Dowan (D:6)
  2 troll zombies (D:11)
  29 killer bees
  6 howler monkeys
  5 electric eels
  7 centaur zombies
  6 hounds
  5 human zombies (Ossuary)
  6 orc priests
  3 jellies
  A gnoll bouda (D:7)
  7 iguanas
  16 orc wizards
  5 ogre zombies (D:11)
  A boggart simulacrum (D:15)
  3 mummies (Ossuary)
  16 gnolls
  13 adders
  4 river rats (Sewer)
  A shadow imp (D:4)
  A white imp (D:8)
  An adder zombie (D:4)
  7 worms
  2 dart slugs
  53 orcs
  17 ball pythons
  4 endoplasms
  6 giant cockroaches
  11 goblins
  11 hobgoblins
  28 kobolds
  6 quokkas
  22 bats
  8 frilled lizards
  3 goblin zombies (D:11)
  2 hobgoblin skeletons (D:11)
  4 hobgoblin zombies (D:11)
  A jackal zombie (D:4)
  An orc skeleton (D:11)
  14 orc zombies (D:11)
  7 rats
  A bush (Lair:4)
1334 creatures vanquished.

Vanquished Creatures (others)
  A demonic crawler (Spider:4)
  2 bloated husks (Swamp:1)
  A spriggan (Swamp:4)
  4 humans (Lair:4)
  A swamp worm (Swamp:1)
  A redback (Spider:1)
  16 foxfires
  23 fungi
  127 plants
  6 withered plants (D:5)
182 creatures vanquished.

Grand Total: 1516 creatures vanquished

Notes
Turn   | Place    | Note
-------+----------+-------------------------------------------
     0 | D:1      | Ijustatesigmund the Gargoyle Fighter began the quest for
                  | the Orb.
     0 | D:1      | Reached XP level 1. HP: 14/14 MP: 1/1
   198 | D:1      | Reached XP level 2. HP: 18/19 MP: 2/2
   528 | D:1      | Reached XP level 3. HP: 24/24 MP: 3/3
   689 | D:2      | Found a faded altar of an unknown god.
   705 | D:2      | Reached skill level 4 in Fighting
  1383 | D:2      | Reached XP level 4. HP: 30/30 MP: 4/4
  2195 | D:3      | Found a glowing drain.
  2203 | Sewer    | Entered a sewer
  2977 | Sewer    | Reached XP level 5. HP: 15/34 MP: 5/5
  2978 | Sewer    | Reached skill level 5 in Fighting
  4151 | D:3      | Identified a scroll of acquirement
  4151 | D:3      | Acquired a manual of Air Magic
  4267 | D:3      | Reached XP level 6. HP: 19/40 MP: 6/6
  4898 | D:4      | Identified the +10 quarterstaff "Ybrapeitt" {vorpal, rC+
                  | Dex+3}
  5262 | D:4      | Found a blossoming altar of Fedhas.
  5356 | D:4      | Reached skill level 6 in Fighting
  5356 | D:4      | Reached skill level 5 in Maces & Flails
  5356 | D:4      | Reached XP level 7. HP: 41/46 MP: 7/7
  5444 | D:4      | Found a runed translucent gate.
  5444 | D:4      | Found a runed translucent gate.
  5444 | D:4      | Found a runed translucent gate.
  5444 | D:4      | Noticed Exe's ghost (amateur DsBe)
  5446 | D:4      | Found a basalt altar of Yredelemnul.
  5698 | D:4      | Noticed a fire elemental
  5787 | D:4      | Found a stormy altar of Qazlal.
  5789 | D:4      | Noticed a water elemental
  5789 | D:4      | Noticed an air elemental
  5852 | D:5      | Entered Level 5 of the Dungeon
  5852 | D:5      | Noticed Jakudza's ghost (novice TeAE)
  5852 | D:5      | Noticed onwiheg's ghost (amateur BaFi)
  5852 | D:5      | Found a runed translucent gate.
  5852 | D:5      | Found a runed translucent gate.
  5852 | D:5      | Found a runed translucent gate.
  6381 | D:5      | Reached skill level 5 in Armour
  6404 | D:5      | Found an iron altar of Okawaru.
  6822 | D:5      | Reached XP level 8. HP: 49/52 MP: 8/8
  6951 | D:6      | Noticed Dowan
  6965 | D:6      | Reached skill level 7 in Fighting
  6974 | D:6      | Noticed Duvessa
  7280 | D:6      | Found a staircase to the Ecumenical Temple.
  7299 | D:6      | Reached skill level 1 in Evocations
  7446 | D:6      | Killed Duvessa
  7454 | D:6      | Killed Dowan
  8200 | D:7      | Found a sand-covered staircase.
  8204 | Ossuary  | Entered an ossuary
  8334 | Ossuary  | Reached XP level 9. HP: 29/57 MP: 9/9
  8623 | D:7      | Reached skill level 8 in Fighting
  8791 | D:7      | Reached skill level 5 in Shields
  8997 | D:7      | Found a bloodstained altar of Trog.
  9791 | D:8      | Found a sparkling altar of Nemelex Xobeh.
  9876 | D:8      | Reached skill level 9 in Fighting
 10154 | Temple   | Entered the Ecumenical Temple
 10330 | Temple   | Became a worshipper of Cheibriados the Contemplative
 10333 | Temple   | Learned a level 1 spell: Magic Dart
 10466 | D:8      | Reached XP level 10. HP: 49/66 MP: 10/10
 10475 | D:8      | Reached skill level 1 in Conjurations
 10490 | D:8      | Reached skill level 1 in Invocations
 10545 | D:8      | Noticed a manticore
 10554 | D:8      | Killed a manticore
 10898 | D:8      | Identified the +2 robe of Pil Edus {Regen+ Str+3}
 10912 | D:8      | Killed an unseen horror
 11021 | D:8      | Reached skill level 10 in Fighting
 11367 | D:8      | Reached * piety under Cheibriados
 11698 | D:9      | Noticed a two-headed ogre
 11705 | D:9      | HP: 1/68 [two-headed ogre/+0 giant club (19)]
 11712 | D:9      | Killed a two-headed ogre
 12191 | D:9      | Reached XP level 11. HP: 73/73 MP: 14/14
 12235 | D:9      | Found a white marble altar of Elyvilon.
 12285 | D:9      | Noticed a two-headed ogre
 12292 | D:9      | Killed a two-headed ogre
 12293 | D:9      | Reached skill level 5 in Conjurations
 12293 | D:9      | Reached skill level 5 in Invocations
 12624 | D:9      | Found a sacrificial altar of Ru.
 12795 | D:9      | Found a radiant altar of Vehumet.
 12853 | D:9      | Found a shadowy altar of Dithmenos.
 13134 | D:9      | Found a hazy altar of Hepliaklqana.
 13525 | D:10     | Entered Level 10 of the Dungeon
 13537 | D:10     | Reached ** piety under Cheibriados
 13545 | D:10     | Reached skill level 1 in Dodging
 13547 | D:10     | Found a staircase to the Lair.
 13736 | D:10     | Found an ornate altar of the Wu Jian Council.
 13802 | D:10     | Noticed a two-headed ogre
 13810 | D:10     | Killed a two-headed ogre
 13811 | D:10     | Reached skill level 11 in Fighting
 13837 | D:10     | Found a hide-covered altar of Uskayaw.
 13838 | D:10     | Found a burning altar of Makhleb.
 13842 | D:10     | Noticed a two-headed ogre
 14069 | D:10     | Killed a two-headed ogre
 14359 | D:10     | Found an opulent altar of Gozag.
 14631 | D:10     | Noticed Snorg
 14646 | D:10     | Killed Snorg
 14647 | D:10     | Reached skill level 10 in Maces & Flails
 15013 | D:10     | Learned a level 3 spell: Mephitic Cloud
 15270 | D:10     | Reached skill level 1 in Air Magic
 15400 | D:11     | Noticed a boulder beetle
 15410 | D:11     | Reached skill level 1 in Poison Magic
 15410 | D:11     | Noticed a two-headed ogre
 15705 | D:11     | Noticed a two-headed ogre
 15714 | D:11     | HP: 1/74 [two-headed ogre/+0 giant club (5)]
 15715 | D:11     | Killed a two-headed ogre
 15716 | D:11     | Reached XP level 12. HP: 1/80 MP: 17/17
 16088 | D:11     | Reached *** piety under Cheibriados
 16094 | D:11     | Found a staircase to the Orcish Mines.
 16115 | D:11     | Noticed a two-headed ogre
 16115 | D:11     | Noticed a boulder beetle
 17374 | D:12     | Noticed a two-headed ogre
 17651 | D:12     | Noticed dvd2's ghost (journeyman PaFi)
 17652 | D:12     | Noticed a two-headed ogre
 17656 | D:12     | Found a transporter.
 17665 | D:12     | Found a bloodstained altar of Trog.
 17674 | D:12     | Found a transporter.
 18732 | D:13     | Found Afeqyg's Distillery.
 18735 | D:13     | Noticed a tengu warrior
 18735 | D:13     | Noticed a tengu warrior
 18750 | D:13     | Killed a tengu warrior
 18784 | D:13     | Killed a tengu warrior
 19095 | D:13     | Bought a potion of heal wounds for 90 gold pieces
 19095 | D:13     | Bought a potion of lignification for 54 gold pieces
 19095 | D:13     | Bought a potion of berserk rage for 90 gold pieces
 19095 | D:13     | Bought a potion of curing for 54 gold pieces
 19143 | D:13     | Noticed a tengu warrior
 19143 | D:13     | Noticed a tengu warrior
 19144 | D:13     | Noticed a tengu warrior
 19144 | D:13     | Noticed a tengu warrior
 19298 | D:13     | Killed a tengu warrior
 19299 | D:13     | Reached skill level 12 in Fighting
 19514 | D:13     | Killed a tengu warrior
 19518 | D:13     | Reached **** piety under Cheibriados
 19764 | D:13     | Killed a tengu warrior
 19765 | D:13     | Reached skill level 5 in Air Magic
 19915 | D:13     | Killed a tengu warrior
 20942 | D:13     | Identified the +8 battleaxe of Instant Death {venom, rCorr
                  | SInv}
 21068 | D:14     | Noticed Louise
 21068 | D:14     | Noticed a boulder beetle
 21073 | D:13     | Noticed a radroach
 21073 | D:13     | a boulder beetle changed into a radroach
 21081 | D:13     | Killed a radroach
 21082 | D:13     | Reached XP level 13. HP: 32/87 MP: 19/19
 21397 | D:11     | Reached skill level 5 in Poison Magic
 22289 | D:11     | Learned a level 5 spell: Freezing Cloud
 22560 | D:11     | Reached skill level 1 in Ice Magic
 22959 | D:11     | Found a white marble altar of Elyvilon.
 23040 | Lair:1   | Entered Level 1 of the Lair of Beasts
 23054 | Lair:1   | Reached skill level 13 in Fighting
 23381 | Lair:1   | You fall into a shaft and drop 1 floor!
 23498 | Lair:2   | Reached ***** piety under Cheibriados
 24662 | Lair:2   | Reached skill level 10 in Invocations
 25015 | Lair:2   | Found a staircase to the Swamp.
 25240 | Lair:3   | Noticed Sonja
 25245 | Lair:3   | Killed Sonja
 26010 | Lair:3   | Gained mutation: Your large and strong wings let you fly.
                  | [Gargoyle growth]
 26010 | Lair:3   | Reached XP level 14. HP: 86/94 MP: 21/21
 26877 | Lair:3   | Found a hole to the Spider Nest.
 27008 | Lair:3   | Noticed Urug
 27021 | Lair:3   | Killed Urug
 27457 | Lair:4   | Found a dark tunnel.
 27474 | Volcano  | Entered a volcano
 27480 | Volcano  | Learned a level 1 spell: Apportation
 27785 | Volcano  | Reached skill level 14 in Fighting
 28987 | Lair:4   | Noticed Kirke
 29009 | Lair:4   | Killed Kirke
 29156 | Lair:4   | Found a staircase to the Slime Pits.
 29157 | Lair:4   | Found a viscous altar of Jiyva.
 29791 | Lair:4   | Gained mutation: You sometimes lose your temper in combat.
                  | [potion of mutation]
 29791 | Lair:4   | Gained mutation: You have hidden genetic potential. [potion
                  | of mutation]
 29791 | Lair:4   | Gained mutation: You expend magic power (3 MP) to
                  | strengthen your wands. [potion of mutation]
 29792 | Lair:4   | Lost mutation: You have hidden genetic potential. [potion
                  | of mutation]
 29792 | Lair:4   | Lost mutation: You sometimes lose your temper in combat.
                  | [potion of mutation]
 29792 | Lair:4   | Lost mutation: You expend magic power (3 MP) to strengthen
                  | your wands. [potion of mutation]
 29792 | Lair:4   | Gained mutation: You are robust. (+10% HP) [potion of
                  | mutation]
 29792 | Lair:4   | Gained mutation: Your body sometimes deteriorates upon
                  | taking damage. [potion of mutation]
 29861 | Lair:5   | Entered Level 5 of the Lair of Beasts
 29872 | Lair:5   | Lost mutation: You are robust. (+10% HP) [potion of
                  | mutation]
 29872 | Lair:5   | Lost mutation: Your body sometimes deteriorates upon taking
                  | damage. [potion of mutation]
 29872 | Lair:5   | Gained mutation: You occasionally shout uncontrollably at
                  | your foes. [potion of mutation]
 29872 | Lair:5   | Gained mutation: You possess an exceptional clarity of
                  | mind. [potion of mutation]
 29872 | Lair:5   | Gained mutation: You are partially covered in iridescent
                  | scales. (AC +2) [potion of mutation]
 29872 | Lair:5   | Gained mutation: Your natural rate of healing is unusually
                  | fast. [potion of mutation]
 29987 | Lair:5   | Reached ****** piety under Cheibriados
 30172 | Lair:5   | Reached skill level 5 in Ice Magic
 30178 | Lair:5   | Reached skill level 1 in Spellcasting
 30206 | Lair:5   | Reached skill level 1 in Translocations
 30295 | Lair:5   | Identified the +1 cloak of the Yeti {Rampage Drain Str-5
                  | Stlth+}
 30296 | Lair:5   | Identified the +2 leather armour "Fotil" {Dex+4}
 30312 | Lair:5   | Reached XP level 15. HP: 71/101 MP: 23/23
 31221 | Swamp:1  | Entered Level 1 of the Swamp
 31246 | Swamp:1  | Found a runed translucent gate.
 31246 | Swamp:1  | Found a runed translucent gate.
 31246 | Swamp:1  | Found a runed translucent gate.
 31247 | Swamp:1  | Noticed Suryr's ghost (adept GnHW)
 31419 | Swamp:1  | Noticed Aizul
 31533 | Orc:1    | Entered Level 1 of the Orcish Mines
 31702 | Orc:1    | Noticed Josephine
 31716 | Orc:1    | Killed Josephine
 31903 | Orc:2    | Entered Level 2 of the Orcish Mines
 32577 | Orc:2    | Found Roejac's General Store.
 32577 | Orc:2    | Found Nuybaget's Distillery.
 32578 | Orc:2    | Found Pouluvvo's Antique Armour Boutique.
 32578 | Orc:2    | Found Guudohoro's Book Emporium.
 32590 | Orc:2    | Bought a jewelled scale mail for 153 gold pieces
 32590 | Orc:2    | Identified the +5 scale mail of Perfidy {rPois rCorr Int+5
                  | Dex-3} (You bought it in a shop on level 2 of the Orcish
                  | Mines)
 32592 | Orc:2    | Bought a potion of heal wounds for 65 gold pieces
 32592 | Orc:2    | Bought a potion of heal wounds for 65 gold pieces
 32596 | Orc:2    | Found a staircase to the Elven Halls.
 32806 | Orc:2    | Reached skill level 5 in Evocations
 33452 | Orc:2    | Bought a pair of runed gloves for 127 gold pieces
 33664 | D:14     | Found Hoyloy's General Store.
 33681 | D:14     | Bought the +1 helmet "Ifydiott" {Will+ Str+2 Int+4} for 520
                  | gold pieces
 33963 | D:14     | Reached XP level 16. HP: 79/107 MP: 19/24
 34298 | D:14     | Found a gate to the Vaults.
 34311 | D:14     | Reached skill level 10 in Shields
 34367 | D:14     | Killed Louise
 34791 | D:15     | Entered Level 15 of the Dungeon
 35368 | D:15     | Noticed Jorgrun
 35381 | D:15     | Killed Jorgrun
 35442 | D:15     | Found a staircase to the Depths.
 35804 | D:11     | Reached skill level 5 in Dodging
 35941 | Spider:1 | Entered Level 1 of the Spider Nest
 36417 | Swamp:1  | Reached XP level 17. HP: 112/112 MP: 22/25
 36630 | Swamp:1  | Killed Aizul
 36975 | Swamp:1  | Killed Suryr's ghost
 38212 | Swamp:3  | Acquired a +2 eveningstar of pain
 38271 | Swamp:3  | Noticed Mara
 38292 | Swamp:3  | Killed Mara
 38447 | Swamp:4  | Entered Level 4 of the Swamp
 38557 | Swamp:4  | Reached skill level 10 in Conjurations
 39351 | Swamp:4  | Reached XP level 18. HP: 107/117 MP: 27/27
 39459 | Swamp:4  | Got a decaying rune of Zot
 39856 | Lair:1   | Learned a level 3 spell: Ignite Poison
 40168 | Spider:1 | Acquired 1045 gold pieces
 40174 | Spider:1 | Reached skill level 1 in Transmutations
 40689 | Spider:2 | Reached skill level 15 in Fighting
 41571 | Spider:3 | Noticed Arachne
 41605 | Spider:3 | Killed Arachne
 42510 | Spider:4 | Entered Level 4 of the Spider Nest
 43424 | Spider:4 | Reached XP level 19. HP: 84/125 MP: 8/29
 44126 | Spider:4 | Reached skill level 16 in Fighting
 44540 | Spider:4 | Reached skill level 15 in Invocations
 45354 | Spider:4 | Got a gossamer rune of Zot
 46054 | Lair:1   | Learned a level 2 spell: Blink
 46169 | Vaults:1 | Entered Level 1 of the Vaults
 46496 | Vaults:1 | Reached skill level 10 in Armour
 47864 | Vaults:2 | Got the Catalogue of Stormy Accompaniment
 47878 | Vaults:2 | Found a staircase to the Crypt.
 47878 | Vaults:2 | Found an ancient bone altar of Kikubaaqudgha.
 47878 | Vaults:2 | Found a basalt altar of Yredelemnul.
 47928 | Vaults:2 | Got the Handbook of the Unholy Inferno
 48021 | Vaults:2 | Reached skill level 10 in Air Magic
 48084 | Vaults:2 | Reached XP level 20. HP: 122/133 MP: 31/31
 48197 | Vaults:2 | Reached skill level 17 in Fighting
 48427 | Vaults:2 | Reached skill level 15 in Maces & Flails
 48512 | Vaults:2 | Noticed Margery
 48525 | Vaults:2 | Killed Margery
 48576 | Vaults:2 | Noticed Bai Suzhen
 48593 | Vaults:2 | Killed Bai Suzhen
 48918 | Vaults:2 | Learned a level 6 spell: Iron Shot
 49153 | Vaults:2 | Reached skill level 1 in Earth Magic
 50055 | Vaults:3 | Found Eheqa's Distillery.
 50060 | Vaults:3 | Bought a potion of curing for 51 gold pieces
 50060 | Vaults:3 | Bought a potion of heal wounds for 85 gold pieces
 50060 | Vaults:3 | Bought a potion of might for 68 gold pieces
 50060 | Vaults:3 | Bought a potion of invisibility for 136 gold pieces
 50668 | Vaults:3 | Mangled by a vault warden

Illustrated notes

Levels and vault maps discovered:
D:1:      amcnicky_arrival_wind_blow, layout_basic, nicolae_titane
D:2:      cheibrodos_greedy_goblins, layout_loops_ring,
          chequers_ecumenical_altar_simple_redux
D:3:      layout_rooms, cheibrodos_sewer_entry_bend
D:4:      layout_basic, nicolae_qazlal_style_of_elements, fedhas_altar_2,
          nicolae_yredelemnul_ghost_church, minivault_25
D:5:      nicolae_cairo_tiling, layout_cave_pools, okawaru_trees_2,
          gammafunk_ghost_cemetery
D:6:      layout_basic, minmay_temple_entry_glass, roderic_serpentine_path,
          nicolae_figureground_pulse, uniq_duvessa
D:7:      layout_basic, trog_butcher_becter,
          nicolae_ossuary_entry_false_entrances, kennysheep_cross_bottleneck,
          kennysheep_generic_room_10
D:8:      layout_basic, mainiacjoe_overflow_paths, minmay_pinched_square
D:9:      layout_basic, nicolae_ru_the_path_less_chosen,
          mainiacjoe_overflow_cross_hatched, vehumet_altar_wand_db,
          general_overflow_altar, grunt_dithmenos_smoke_and_mirrors,
          serial_rivers, chequers_serial_rivers_micro_b,
          chequers_serial_rivers_micro_a, chequers_serial_rivers_small_b,
          chequers_serial_rivers_large_b
D:10:     layout_small_grid, nicolae_gozag_seed_capital,
          nicolae_wu_jian_wuxing_cycle, mainiacjoe_overflow_catch_the_wave,
          david_lair_generic, uniq_snorg
D:11:     layout_loops_ring, zombieorc2_lemuel, nicolae_elyvilon_temple_path
D:12:     layout_grid_maze, gammafunk_ghost_wrathful_warriors
D:13:     layout_gridville, serial_shops, shop, hangedman_abyss_or_decor_passed,
          minivault_5, hangedman_aviary
D:14:     layout_loops_ring, skrybe_vaults_entry_preservation, serial_shops,
          nicolae_diamond_shop, minmay_strange_pillars, hangedman_batty,
          uniq_louise
D:15:     grunt_enter_depths_magical_seal, layout_cave_pools, serial_rivers,
          chequers_serial_rivers_room_a, chequers_serial_rivers_large_a,
          chequers_serial_rivers_micro_c, chequers_serial_rivers_small_3,
          chequers_serial_rivers_marsh, due_unseen_surprise, uniq_jorgrun
Temple:   nicolae_temple_bog_church
Lair:1:   layout_long_grid
Lair:2:   layout_long_grid, palyth_hydra_swamp_entry, grunt_megastairs_1,
          serial_bayou_shore_b, lemuel_fruit_tree
Lair:3:   cheibrodos_lair_overgrown_chateau, layout_cave_pods,
          hellmonk_spider_entry_life_and_decay, serial_bayou_shore_b,
          serial_bayou_shore_a, uniq_urug, uniq_sonja
Lair:4:   layout_cave_pods, slime_entry_1, nicolae_volcano_entry_hallway,
          minivault_23, serial_bayou_ford_a, grunt_megastairs_5, uniq_kirke
Lair:5:   minmay_lair_end_frog_pond, layout_gridlike,
          chequers_serial_rivers_small_3
Swamp:1:  layout_basic_swamp, ebering_ghost_rock_garden,
          evilmike_swamp_ruin_house_1, nicolae_swamp_very_dense_foliage,
          uniq_aizul
Swamp:2:  layout_falls_marsh, serial_swamp_ruin, evilmike_swamp_ruin_house_5,
          evilmike_swamp_ruin_wall, evilmike_swamp_ruin_house_4,
          infiniplex_staircase_pool
Swamp:3:  layout_basic_swamp, nicolae_swamp_small_spring, uniq_mara
Swamp:4:  swamp, layout_basic_swamp, swamp_pool1
Spider:1: nicolae_spider_hilbert_zone_5 [nicolae_spider_hilbert_3_sides_1_open,
          nicolae_spider_hilbert_4_sides_1_open,
          nicolae_spider_hilbert_4_sides_1_open,
          nicolae_spider_hilbert_6_sides_1_open,
          nicolae_spider_hilbert_6_sides_1_open]
Spider:2: layout_spider_delve, nicolae_spider_cling_halls
Spider:3: layout_spider_delve, special_room [special_room_bee], uniq_arachne
Spider:4: johnstein_spider_rune_arachne_lair
Orc:1:    layout_caves, uniq_josephine
Orc:2:    st_orc_ogre_mass, layout_caves, mines2_david
Vaults:1: vaults_dpeg_spiral, vaults_room_grid, serial_ice_g, vaults_mumra_hex,
          nicolae_vaults_network_s, vaults_dpeg_ring,
          vaults_room_grunt_arrival_ludios, nicolae_vaults_shelves_hall,
          layout_vaults_omnigrid
Vaults:2: nicolae_vaults_big_ls, v_pattern_4, nicolae_vaults_little_squares_4,
          vaults_room_grunt_arrival_checkpoint, v_misc_26,
          nicolae_vaults_mini_display_case, nicolae_vaults_network_periphery,
          layout_vaults_big_room, minmay_crypt_entry_necro_gods, uniq_margery,
          uniq_bai_suzhen
Vaults:3: vaults_room_fancy_cross, v_misc_11, v_pattern_3, vaults_room_hallway,
          hangedman_vaults_stagger, nicolae_vaults_little_squares_4,
          vaults_room_glass_cross, vaults_room_hallway, hangedman_vaults_locks,
          vaults_mumra_minichess_inversion, hangedman_vaults_trim,
          vaults_room_hallway, layout_vaults_omnicross, serial_shops, shop

Skill      XL: |  1  2  3  4  5  6  7  8  9 10 11 12 13 14 15 16 17 18 19 20 |
---------------+-------------------------------------------------------------+-----
Fighting       | 4 5 6 7 9 10 11 12 13 14 15 16 17 | 17.7
Maces & Flails | 3 4 5 6 8 9 10 11 12 13 14 15 | 15.6
Armour         | 4 5 6 8 10 12 | 12.0
Evocations     | 4 5 |  5.0
Shields        | 4 6 8 13 | 13.0
Conjurations   | 4 5 7 8 10 | 10.6
Invocations    | 4 6 8 10 11 13 14 15 16 | 16.7
Dodging        | 2 4 5 7 |  7.5
Air Magic      | 2 5 6 7 8 9 10 | 10.9
Poison Magic   | 1 4 5 6 7 |  7.3
Ice Magic      | 4 5 6 7 9 |  9.7
Spellcasting   | 1 2 |  2.6
Translocations | 1 2 |  2.6
Transmutations | 4 |  4.6
Earth Magic    | 4 |  4.4

Action                   |  1- 3 |  4- 6 |  7- 9 | 10-12 | 13-15 | 16-18 | 19-21 || total
-------------------------+-------+-------+-------+-------+-------+-------+-------++-------
Melee: Flail             |   180 |   355 |   408 |   531 |  1284 |  1656 |  1168 ||  5582
Throw: Dart              |       |       |       |       |     3 |     1 |       ||     4
 Cast: Magic Dart        |       |       |       |     5 |     2 |    28 |     5 ||    40
       Mephitic Cloud    |       |       |       |     6 |    19 |    36 |    17 ||    78
       Freezing Cloud    |       |       |       |       |     1 |    21 |    14 ||    36
       Ignite Poison     |       |       |       |       |       |     1 |     1 ||     2
       Apportation       |       |       |       |       |       |       |     2 ||     2
Invok: Bend Time         |       |       |       |     1 |       |     1 |     1 ||     3
       Slouch            |       |       |       |     1 |     4 |     7 |     4 ||    16
Evoke: Wand              |       |       |     6 |    29 |    23 |    31 |     3 ||    92
  Use: Scroll            |     7 |     9 |    12 |    10 |     4 |    13 |     8 ||    63
       Potion            |       |     2 |     1 |     3 |     3 |     3 |     5 ||    17
 Stab: Paralysed         |       |       |     6 |    16 |       |       |       ||    22
       Distracted        |       |       |       |     1 |     2 |       |       ||     3
       Sleeping          |       |       |       |       |     2 |       |       ||     2
       Confused          |       |       |       |       |    13 |    35 |    14 ||    62
Armor: Scale mail        |   139 |   271 |   226 |    61 |    71 |  1183 |   634 ||  2585
       Skin              |       |    15 |       |       |       |       |       ||    15
       Acid dragon scale |       |       |       |   357 |   472 |       |       ||   829
Dodge: Dodged            |   114 |   232 |   181 |   315 |   757 |  1175 |   498 ||  3272
Block: Buckler           |    54 |   134 |    90 |   215 |   420 |       |       ||   913
       Kite shield       |       |       |       |       |    79 |  1648 |   898 ||  2625
       Reflection        |       |       |       |       |     1 |    18 |    25 ||    44
